 Dungeon Crawl Stone Soup version 0.31.0-1-g2c135a0 (webtiles) character file.

Game seed: 15125770455081643746

3342 Pepper the Scholar of Death (level 9, 0/56 HPs)
             Began as a Deep Elf Necromancer on Mar 19, 2024.
             Was a Follower of Kikubaaqudgha.
             Slain by a tengu warrior
             ... wielding a +0 great sword
              (7 damage)
             ... on level 7 of the Dungeon.
             The game lasted 00:26:43 (9971 turns).

Pepper the Scholar of Death (Deep Elf Necromancer)  Turns: 9971, Time: 00:26:43

Health: 0/56       AC:  1    Str: 10    XL:     9   Next: 72%
Magic:  13/22      EV: 14    Int: 29    God:    Kikubaaqudgha [*.....]
Gold:   92         SH:  0    Dex: 15    Spells: 7/23 levels left

rFire   . . .        a - +5 whip "Riliris" {pain, Will++}
rCold   + . .        (no shield)
rNeg    + . .        F - +0 leather armour "Ylih" {*Corrode Str+5 Int+4}
rPois   .            n - +0 helmet
rElec   .            (no cloak)
rCorr   .            q - +0 pair of gloves
SInv    .            (no boots)
Will    ++...        (no amulet)
Stlth   ++           C - ring of positive energy
HPRegen 0.29/turn    t - ring of protection from cold
MPRegen 0.18/turn

%: corrode self (3%)
@: corroded
A: no striking features
a: Renounce Religion, Unearth Wretches


You were on level 7 of the Dungeon.
You worshipped Kikubaaqudgha.
Kikubaaqudgha was aware of your devotion.
You visited 2 branches of the dungeon, and saw 10 of its levels.

You collected 312 gold pieces.
You spent 220 gold pieces at shops.

Inventory:

Hand Weapons
 a - the +5 whip "Riliris" (weapon) {pain, Will++}
   (You found it on level 7 of the Dungeon)

   Will++:    It greatly increases your willpower.
 b - a +3 dagger of flaming
 y - the +10 short sword "Fevar" {antimagic, Will+ Str+2}
   (You found it on level 7 of the Dungeon)

   Str+2:     It affects your strength (+2).
   Will+:     It increases your willpower.
 D - a +1 war axe of flaming
Missiles
 g - a throwing net
 v - 3 boomerangs
Armour
 n - a +0 helmet (worn)
 q - a +0 pair of gloves (worn)
 s - a +0 ring mail
 F - the +0 leather armour "Ylih" (worn) {*Corrode Str+5 Int+4}
   (You found it on level 7 of the Dungeon)

   Str+5:     It affects your strength (+5).
   Int+4:     It affects your intelligence (+4).
   *Corrode:  It may corrode you when you take damage.
Magical Staves
 f - a staff of earth
Jewellery
 i - a ring of flight
 t - a ring of protection from cold (right hand)
 C - a ring of positive energy (left hand)
Wands
 h - a wand of charming (5)
 B - a wand of polymorph (11)
Scrolls
 c - 2 scrolls of summoning
 d - 2 scrolls of revelation
 e - a scroll of silence
 l - 2 scrolls of fog
 p - 5 scrolls of teleportation
 z - a scroll of enchant weapon
Potions
 j - 2 potions of curing
 k - a potion of enlightenment {unknown}
 m - 4 potions of brilliance
 o - a potion of cancellation {unknown}
 r - a potion of lignification
 u - a potion of magic
 w - a potion of resistance {unknown}
 x - a potion of berserk rage {unknown}
 A - a potion of ambrosia {unknown}
 E - 3 potions of mutation {unknown}
 G - a potion of might


   Skills:
 * Level 6.5 Fighting
 + Level 1.2 Maces & Flails
 + Level 6.9 Dodging
 - Level 2.4 Stealth
 + Level 7.7 Spellcasting
 * Level 10.7 Necromancy


You had 7 spell levels left.
You knew the following spells:

 Your Spells              Type           Power      Damage    Failure   Level
a - Necrotise             Necr           100%       1d9       1%          1
b - Vampiric Draining     Necr           65%        2d10      1%          3
c - Animate Dead          Necr           65%        N/A       1%          4
d - Curse of Agony        Necr           65%        N/A       2%          5
e - Fugue of the Fallen   Necr           65%        N/A       1%          3

Your spell library contained the following spells:

 Spells                   Type           Power      Damage    Failure   Level
 Sublimation of Blood     Necr           65%        N/A       1%          2
 Apportation              Tloc           22%        N/A       6%          1
 Summon Small Mammal      Summ           44%        N/A       6%          1
 Jinxbite                 Hex            22%        N/A       10%         2
 Call Canine Familiar     Summ           11%        N/A       19%         3
 Summon Blazeheart Golem  Fire/Summ      11%        N/A       54%         4
 Alistair's Intoxication  Alch           7%         N/A       87%         5


Dungeon Overview and Level Annotations

Branches:
Dungeon (9/15)             Temple (1/1) D:6
   Lair: D:8-11         Orc: D:9-12

Altars:
Ashenzari
Dithmenos
Elyvilon
Fedhas
Gozag
Hepliaklqana
Kikubaaqudgha
Makhleb
Nemelex Xobeh
Okawaru
Qazlal
Ru
Sif Muna
Trog
Uskayaw
Vehumet
Wu Jian
Xom
Yredelemnul
Zin
The Shining One

Shops:
D:1 *   D:5 =

Annotations:
D:9 Jeremiah


Message History

You hit the bullfrog.
The bullfrog writhes in agony.
The bullfrog is heavily wounded.
The bullfrog hits you!
You closely miss the bullfrog.
The bullfrog is heavily wounded.
The bullfrog hits you.
You climb upwards.
There is a stone staircase leading down here.
Casting: Vampiric Draining (safe; 1% risk of failure)
Confirm with . or Enter, or press ? or * to list all spells.
Aiming: Vampiric Draining (safe; 1% risk of failure)
Press: ? - help, Shift-Dir - straight line, f - tengu warrior
Aim: a tengu warrior, wielding a +0 great sword and wearing a +0 ring mail You draw life force from the tengu warrior!
You feel life coursing into your body. The tengu warrior slips past you!
The tengu warrior hits you with a +0 great sword!
The tengu warrior closely misses you. The tengu warrior claws you.
Casting: Vampiric Draining (safe; 1% risk of failure)
Confirm with . or Enter, or press ? or * to list all spells.
Aiming: Vampiric Draining (safe; 1% risk of failure)
Press: ? - help, Shift-Dir - straight line, f/p - tengu warrior
Aim: a tengu warrior, wielding a +0 great sword and wearing a +0 ring mail (lightly wounded)
You draw life force from the tengu warrior!
You feel life coursing into your body!
The tengu warrior hits you with a +0 great sword.
The tengu warrior barely misses you. The tengu warrior claws you.
Casting: Vampiric Draining (safe; 1% risk of failure)
Confirm with . or Enter, or press ? or * to list all spells.
Aiming: Vampiric Draining (safe; 1% risk of failure)
Press: ? - help, Shift-Dir - straight line, f/p - tengu warrior
Aim: a tengu warrior, wielding a +0 great sword and wearing a +0 ring mail (moderately wounded)
You draw life force from the tengu warrior!
You feel life coursing into your body.
The tengu warrior hits you with a +0 great sword!!
* * * LOW HITPOINT WARNING * * *
The tengu warrior pecks you.
* * * LOW HITPOINT WARNING * * *
The tengu warrior claws you!
You die...
Kikubaaqudgha rasps: "You have failed me!
Welcome... death!"

....................#
....................####
.......................###
##############.Z.........####
#..#######......###
#Z###...######....####
#.##.....########....##
#.[....>..#...#####....
#.'..@..[.#.......##...
#.'..Q.>..#.........)..
####.....#####.........
##...## #...<..... #####
#......... #.# #......... #.#
##.....#.. #.# #....##.# #.#
##..###)#


You could see a tengu warrior.

Vanquished Creatures
  A wyvern (D:8)
  A steam dragon (D:7)
  A basilisk (D:8)
  A water moccasin (D:8)
  2 ice beasts
  Duvessa (D:4)
  An orc warrior (D:9)
  A sky beast (D:6)
  4 ogres
  A phantom (D:4)
  A kobold brigand (D:5)
  A bullfrog (D:7)
  4 scorpions
  A gnoll sergeant (D:8)
  3 wights
  Dowan (D:4)
  3 killer bees (D:8)
  4 howler monkeys
  A jelly (D:5)
  An orc priest (D:8)
  7 hounds
  A gnoll bouda (D:7)
  A sleepcap (D:5)
  3 iguanas
  8 orc wizards
  A hound skeleton (D:5)
  10 gnolls
  5 adders
  2 river rats (D:6)
  An ufetubus (D:6)
  A ribbon worm (D:3)
  A dart slug (D:4)
  16 orcs
  13 ball pythons
  6 bats
  4 endoplasms
  4 giant cockroaches
  11 goblins
  4 hobgoblins
  4 jackals (D:2)
  2 quokkas
  2 frilled lizards
  5 kobolds
  5 rats
151 creatures vanquished.

Vanquished Creatures (collateral kills)
  A necrophage (D:5)
  A killer bee (D:8)
  2 river rats (D:6)
  An ufetubus (D:6)
  An orc (D:8)
  An endoplasm (D:2)
  A hobgoblin (D:1)
  A jackal (D:2)
  2 kobolds (D:5)
  A rat (D:1)
12 creatures vanquished.

Vanquished Creatures (others)
  A water moccasin zombie (D:8)
  An orc wizard (D:5)
  An ogre zombie (D:6)
  A howler monkey zombie (D:6)
  10 orc zombies
  3 gnoll zombies
17 creatures vanquished.

Grand Total: 180 creatures vanquished

Notes
Turn   | Place    | Note
-------+----------+-------------------------------------------
     0 | D:1      | Pepper the Deep Elf Necromancer began the quest for the
                  | Orb.
     0 | D:1      | Reached XP level 1. HP: 10/10 MP: 6/6
    43 | D:1      | Reached skill level 5 in Necromancy
   182 | D:1      | Reached XP level 2. HP: 16/16 MP: 5/8
   289 | D:1      | Found Ecick's General Store.
   368 | D:1      | Bought a scroll of identify for 22 gold pieces
   529 | D:1      | Reached skill level 1 in Fighting
   861 | D:2      | Reached XP level 3. HP: 20/20 MP: 3/9
   973 | D:2      | Found an iron altar of Okawaru.
  1600 | D:3      | Reached XP level 4. HP: 25/25 MP: 9/11
  1792 | D:3      | Found a faded altar of an unknown god.
  2543 | D:3      | Learned a level 3 spell: Vampiric Draining
  2548 | D:3      | Learned a level 4 spell: Animate Dead
  2659 | D:4      | Reached skill level 6 in Necromancy
  2707 | D:4      | Reached XP level 5. HP: 30/30 MP: 8/12
  2737 | D:4      | Noticed an ogre
  2931 | D:4      | Reached XP level 6. HP: 36/36 MP: 8/14
  3088 | D:4      | Reached skill level 7 in Necromancy
  3403 | D:4      | Noticed Duvessa
  3403 | D:4      | Noticed Dowan
  3441 | D:4      | Killed Duvessa
  3442 | D:4      | Reached XP level 7. HP: 27/41 MP: 1/16
  3461 | D:4      | Killed Dowan
  3462 | D:4      | Reached skill level 5 in Spellcasting
  4026 | D:1      | Bought 2 potions of heal wounds for 110 gold pieces
  4101 | D:5      | Entered Level 5 of the Dungeon
  4380 | D:5      | Found Sas Uvon's Jewellery Shoppe.
  4849 | D:5      | Reached skill level 8 in Necromancy
  4879 | D:5      | Reached XP level 8. HP: 19/48 MP: 1/18
  5065 | D:5      | Found a burning altar of Makhleb.
  5080 | D:5      | Reached skill level 5 in Dodging
  5452 | D:1      | Bought a potion of heal wounds for 55 gold pieces
  5452 | D:1      | Bought a scroll of teleportation for 33 gold pieces
  5550 | D:6      | Found a staircase to the Ecumenical Temple.
  5566 | Temple   | Entered the Ecumenical Temple
  5578 | Temple   | Became a worshipper of Kikubaaqudgha
  5714 | D:6      | Found a radiant altar of Vehumet.
  5913 | D:6      | Found a shimmering altar of Xom.
  5940 | D:6      | Reached skill level 5 in Fighting
  5941 | D:6      | Reached skill level 9 in Necromancy
  6823 | D:7      | Identified the +10 short sword "Fevar" {antimagic, Will+
                  | Str+2}
  6989 | D:7      | Reached XP level 9. HP: 46/54 MP: 8/21
  7132 | D:7      | Found an opulent altar of Gozag.
  7144 | D:7      | Reached * piety under Kikubaaqudgha
  7144 | D:7      | Received a gift from Kikubaaqudgha
  7351 | D:7      | Identified the +5 whip "Riliris" {pain, Will++}
  7556 | D:7      | Identified the +0 leather armour "Ylih" {*Corrode Str+5
                  | Int+4}
  7767 | D:7      | Learned a level 5 spell: Curse of Agony
  7771 | D:7      | Learned a level 3 spell: Fugue of the Fallen
  7865 | D:7      | Reached skill level 10 in Necromancy
  8285 | D:8      | Noticed a tengu warrior
  8826 | D:9      | Noticed Jeremiah
  9591 | D:8      | Reached skill level 1 in Maces & Flails
  9956 | D:8      | Noticed a deep elf pyromancer
  9971 | D:7      | Slain by a tengu warrior

Illustrated notes

Levels and vault maps discovered:
D:1:      lightli_arrival_maybe_door_vault, layout_loops_ring, serial_shops,
          shop, minmay_split_cup_small
D:2:      layout_basic, basic_altar, chequers_hall_statues_corner_a,
          grunt_decor_junction, kennysheep_generic_room_11
D:3:      layout_loops_corners, hellmonk_ecumenical_altar_leap_of_faith
D:4:      dreamdust_elfheim, layout_basic, minmay_misc_feat_pillars
D:5:      layout_loops_ring, makhleb_blood_cavern_becter, serial_shops,
          nicolae_stop_n_shop_2, roderic_serpentine_path
D:6:      wad_woods_stonehenge, layout_rooms, vehumet_crystals,
          minmay_temple_entry_stoned_glass
D:7:      layout_cave_pods, mainiacjoe_overflow_brackets,
          chequers_serial_rivers_micro_c, kennysheep_windowed_goal
D:8:      cheibrodos_elevator_heist, layout_basic, slow_altar_1,
          minmay_crystal_room
D:9:      layout_loops_corners, orc_0_dummy, serial_shops,
          nicolae_shop_hallway_stairs, uniq_erica, uniq_jeremiah
Temple:   mainiacjoe_temple_coin_purse

Skill      XL: |  1  2  3  4  5  6  7  8  9 |
---------------+----------------------------+-----
Necromancy     | 5 6 7 8 9 10 | 10.7
Fighting       | 1 2 3 4 5 6 |  6.5
Dodging        | 3 4 6 |  6.9
Spellcasting   | 4 5 6 7 |  7.7
Maces & Flails | 1 |  1.2
Stealth        | |  2.4

Action                     |  1- 3 |  4- 6 |  7- 9 || total
---------------------------+-------+-------+-------++-------
  Melee: Trident           |     1 |       |       ||     1
         War axe           |       |    18 |       ||    18
         Dagger            |       |     1 |    63 ||    64
         Punch             |       |     1 |     4 ||     5
         Whip              |       |       |    80 ||    80
   Cast: Necrotise         |    62 |    60 |   146 ||   268
         Vampiric Draining |       |     3 |    42 ||    45
         Animate Dead      |       |     1 |    14 ||    15
         Fugue of the Fall |       |       |     5 ||     5
         Curse of Agony    |       |       |     5 ||     5
    Use: Scroll            |     3 |     1 |    12 ||    16
         Potion            |       |       |     7 ||     7
   Stab: Distracted        |       |       |     1 ||     1
 Armour: Leather armour    |     1 |     7 |    72 ||    80
         Ring mail         |       |    24 |   147 ||   171
         Skin              |       |       |    10 ||    10
  Dodge: Dodged            |     4 |    26 |   142 ||   172
